 Dungeon Crawl Stone Soup version 0.22-a0-231-g1b571ea (webtiles) character file.

6 tidbits the Insei (level 1, 0/17 HPs)
             Began as a Gnoll Transmuter on Feb 20, 2018.
             Slain by a goblin
             ... wielding a +0 dagger
             ... led by Robin
              (1 damage)
             ... on level 1 of the Dungeon.
             The game lasted 00:01:27 (157 turns).

tidbits the Insei (Gnoll Transmuter)                 Turns: 157, Time: 00:01:28

Health: 0/17       AC:  2    Str: 17    XL:     1   Next: 90%
Magic:  6/6        EV: 14    Int: 15    God:
Gold:   12         SH:  0    Dex: 15    Spells: 8/9 levels left

rFire    . . .     SeeInvis .     - Unarmed
rCold    . . .     Gourm    .   (no shield)
rNeg     . . .     Faith    .   b - +0 robe
rPois    .         Spirit   .   (no helmet)
rElec    .         Reflect  .   (no cloak)
rCorr    .         Harm     .   (no gloves)
MR       .....                  (no boots)
Stlth    +.........             (no amulet)
HPRegen  0.05/turn              d - +5 ring of strength
MPRegen  0.10/turn              (no ring)

@: appendage (expiring)
A: distributed training, fangs 1, horns 2, strong nose
a: End Transformation


You were on level 1 of the Dungeon.
You were not hungry.
You had grown temporary horns.
You visited 1 branch of the dungeon, and saw 2 of its levels.

You collected 12 gold pieces.

Inventory:

Missiles
 a - 12 arrows
 e - 28 sling bullets
Armour
 b - a +0 robe (worn)
Jewellery
 d - a +5 ring of strength (left hand)
   (You found it on level 1 of the Dungeon)
Comestibles
 c - a ration


   Skills:
 + Level 2.4 Fighting
 + Level 0.1 Short Blades
 + Level 0.1 Long Blades
 + Level 0.1 Axes
 + Level 0.1 Maces & Flails
 + Level 0.1 Polearms
 + Level 0.1 Staves
 + Level 0.1 Slings
 + Level 0.1 Bows
 + Level 0.1 Crossbows
 + Level 0.1 Throwing
 + Level 0.1 Armour
 + Level 4.4 Dodging
 + Level 0.1 Stealth
 + Level 0.1 Shields
 + Level 6.4 Unarmed Combat
 + Level 4.9 Spellcasting
 + Level 0.1 Conjurations
 + Level 0.1 Hexes
 + Level 0.1 Charms
 + Level 0.1 Summonings
 + Level 0.1 Necromancy
 + Level 0.1 Translocations
 + Level 3.6 Transmutations
 + Level 0.1 Fire Magic
 + Level 0.1 Ice Magic
 + Level 0.1 Air Magic
 + Level 0.1 Earth Magic
 + Level 0.1 Poison Magic
 + Level 0.2 Invocations
 + Level 0.1 Evocations


You had 8 spell levels left.
You knew the following spells:

 Your Spells              Type           Power        Failure   Level  Hunger
e - Beastly Appendage     Tmut           ##....       3%          1    None


Dungeon Overview and Level Annotations

Branches:
Dungeon (2/15)

Altars:

Annotations:
D:1 Robin


Innate Abilities, Weirdness & Mutations

Your experience applies equally to all skills.
You have very sharp teeth.
Your uncanny sense of smell can sniff out nearby items.
You have a pair of horns on your head.


Message History

You completely miss the bat.
The bat is moderately wounded.
The bat barely misses you. The bat misses you.
You hit the bat but do no damage. The bat barely misses you.
You punch the bat!
You kill the bat!
You see here 2 gold pieces.
You now have 2 gold pieces.
Your transformation is almost over.
A rat comes into view.
Found 3 gold pieces and a runed jade ring.
Casting: Beastly Appendage (safe; 3% risk of failure)
Confirm with . or Enter, or press ? or * to list all spells.
You extend your transformation's duration.
You hit the rat but do no damage.
You kill the rat!
You see here 3 gold pieces.
You now have 5 gold pieces (gained 3).
You see here a runed jade ring.
d - a runed jade ring Put on which piece of jewellery? (? for menu, Esc to quit)
You feel stronger.
d - a +5 ring of strength (left hand)
Your transformation is almost over.
Your horns disappear.
A giant cockroach comes into view.
Casting: Beastly Appendage (safe; 3% risk of failure)
Confirm with . or Enter, or press ? or * to list all spells.
You grow a pair of large bovine horns.
A bat comes into view.
You hit the giant cockroach.
You kill the giant cockroach!
You miss the bat.
You kill the bat!
Your transformation is almost over.
Your horns disappear.
You open the door.
There is an open door here.
Found a stone staircase leading down.
A rat comes into view.
Casting: Beastly Appendage (safe; 3% risk of failure)
Confirm with . or Enter, or press ? or * to list all spells.
You grow a pair of large bovine horns.
You completely miss the rat.
You kill the rat!
A frilled lizard comes into view.
Found 7 gold pieces and 28 sling bullets.
You see here 7 gold pieces.
The helpless frilled lizard fails to defend itself.
You punch the frilled lizard!
You kill the frilled lizard!
You now have 12 gold pieces (gained 7).
Your transformation is almost over.
You see here 28 sling bullets.
e - 28 sling bullets Your horns disappear.
There is a stone staircase leading down here.
You climb downwards. 8 goblins, 2 hobgoblins, 3 kobolds and Robin come into view.
The goblin shouts! x2; The hobgoblin shouts!
The goblin shouts!
The kobold shouts! x2; Robin shouts!
The goblin shouts!
The kobold shouts!
You hear a shout! x2
Found 15 sling bullets, 12 stones, a throwing net and a leather armour.
Found a stone staircase leading down and a stone staircase leading up.
There is a stone staircase leading up here.
The kobold throws a stone.
The stone barely misses you.
You climb upwards.
There is a stone staircase leading down here.
Unknown command.
Casting: Beastly Appendage (safe; 3% risk of failure)
Confirm with . or Enter, or press ? or * to list all spells.
Okay, then.
Casting: Beastly Appendage (safe; 3% risk of failure)
Confirm with . or Enter, or press ? or * to list all spells.
You grow a pair of large bovine horns.
You climb downwards.
Level annotation: Robin A gnoll comes into view.
It is wielding a club.
The gnoll shouts!
The goblin hits you but does no damage. The hobgoblin barely misses you.
The goblin closely misses you. Robin throws the goblin at you!
There is a stone staircase leading up here.
The hobgoblin completely misses you. The goblin misses you.
The goblin barely misses you. Robin hits you with a club.
The goblin misses you.
You climb upwards.
There is a stone staircase leading down here.
Unknown command.
The hobgoblin barely misses you. The goblin misses you.
Robin throws the goblin at you!
Your transformation is almost over.
The hobgoblin barely misses you. The goblin hits you with a dagger.
* * * LOW HITPOINT WARNING * * *
The goblin hits you but does no damage. Robin throws the goblin at you!
* * * LOW HITPOINT WARNING * * *
You hit the goblin but do no damage. Your headbutt misses the goblin.
The goblin hits you with a dagger.
* * * LOW HITPOINT WARNING * * *
The hobgoblin closely misses you. The goblin hits you with a dagger.
You die...

######...... #.....######
..........# ##...........
.†........# ####........######
..........# #....###.........#
##........# #.##..##.........#
#.##.....#.####.###............#
.#.#......#...........##........#
.#.#.....########g.....#........#
.#.#...........g@g............###
#.#......#######g.g...######.#
#.#......# #......# .# #.##...#
#......# # . #.##...# #.........#
.###.##...# #.....#####
..........# #.....# ........###
####### ###.....#


You could see Robin, a hobgoblin and 3 goblins.

Vanquished Creatures
  2 bats (D:1)
  A giant cockroach (D:1)
  A frilled lizard (D:1)
  2 rats (D:1)
6 creatures vanquished.

Notes
Turn   | Place    | Note
-------+----------+-------------------------------------------
     0 | D:1      | tidbits the Gnoll Transmuter began the quest for the Orb.
     0 | D:1      | Reached XP level 1. HP: 17/17 MP: 6/6
   146 | D:2      | Noticed Robin
   157 | D:1      | HP: 1/17 [goblin/dagger[Robin] (4)]
   157 | D:1      | Slain by a goblin

Vault maps used:
D:1:      eino_arrival_water_cross, minmay_pentomino_p2
D:2:      nicolae_gozag_seed_capital, chequers_ecumenical_altar_island,
          trog_butcher_becter, uniq_sigmund, uniq_robin, uniq_terence,
          uniq_jessica

Action                   || total
-------------------------++-------
Melee: Unarmed           ||    12
       Headbutt          ||     4
       Punch             ||     1
 Cast: Beastly Appendage ||     5
 Stab: Sleeping          ||     1
Armor: Robe              ||     7
Dodge: Dodged            ||    16

Table legend:
 A = Spawn XP
 B = Non-spawn XP
 C = Spawn XP percentage of total XP
 D = Spawn monster count
 E = Non-spawn monster count
 F = Spawn count percentage of total count
 G = Total turns spent on level
                    A         B        C        D         E        F      G
               +---------+---------+-------+---------+---------+-------+---------
         Total |       0 |       9 |   0.0 |       0 |       6 |   0.0 |   157
               +---------+---------+-------+---------+---------+-------+---------
           D:1 |       0 |       9 |   0.0 |       0 |       6 |   0.0 |   153
               +---------+---------+-------+---------+---------+-------+---------

Table legend:
 A = Turns spent in this place as a percentage of turns spent in the entire game.
 B = Non-inter-level travel turns spent in this place as a percentage of non-inter-level travel turns spent in the entire game.
 C = Inter-level travel turns spent in this place as a percentage of turns spent in this place.
 D = Turns resting spent in this place as a percentage of non-inter-level travel turns spent in this place.
 E = Turns spent auto-exploring this place as a percentage of non-inter-level travel turns spent in this place.
 F = Non-inter-level travel turns spent in this place divided by the number of levels of this place that you've seen.
                   A       B       C       D       E      F
               +-------+-------+-------+-------+-------+----------------------
         Total | 100.0 | 100.0 |   0.0 |   0.0 |   0.0 |  78.5
       Dungeon | 100.0 | 100.0 |   0.0 |   0.0 |   0.0 |  78.5
               +-------+-------+-------+-------+-------+----------------------

Table legend:
 A = Kills in this place as a percentage of kills in entire the game.
 B = Kills by you in this place as a percentage of kills by you in the entire game.
 C = Kills by friends in this place as a percentage of kills by friends in the entire game.
 D = Other kills in this place as a percentage of other kills in the entire game.
 E = Experience gained in this place as a percentage of experience gained in the entire game.
 F = Experience gained in this place divided by the number of levels of this place that you have seen.
                   A       B       C       D       E      F
               +-------+-------+-------+-------+-------+----------------------
         Total | 100.0 | 100.0 |   N/A |   N/A | 100.0 |   4.5
       Dungeon | 100.0 | 100.0 |   N/A |   N/A | 100.0 |   4.5
               +-------+-------+-------+-------+-------+----------------------

Vault maps used:
D:1:      eino_arrival_water_cross, minmay_pentomino_p2
D:2:      nicolae_gozag_seed_capital, chequers_ecumenical_altar_island,
          trog_butcher_becter, uniq_sigmund, uniq_robin, uniq_terence,
          uniq_jessica
